 Dungeon Crawl Stone Soup version 0.23.1-37-gaa34b87 (webtiles) character file.

Game seed: 14451145850686763811

674 Fang the Skirmisher (level 7, -2/66 HPs)
             Began as a Gargoyle Berserker on Mar 27, 2019.
             Was a Priest of Trog.
             Killed from afar by an orc wizard (6 damage)
             ... with a magic dart
             ... on level 4 of the Dungeon.
             The game lasted 00:03:52 (2482 turns).

Fang the Skirmisher (Gargoyle Berserker)            Turns: 2482, Time: 00:03:52

Health: -2/66      AC: 12    Str: 27    XL:     7   Next: 59%
Magic:  7/7        EV: 11    Int:  8    God:    Trog [***...]
Gold:   149        SH:  0    Dex:  9    Spells: 6/6 levels left

rFire    . . .     SeeInvis .   b - +0 war axe
rCold    . . .     Gourm    +   (no shield)
rNeg     + . .     Faith    .   j - +0 scale mail
rPois    ∞         Spirit   .   (no helmet)
rElec    +         Reflect  .   (no cloak)
rCorr    .         Harm     .   (no gloves)
MR       .....                  (no boots)
Stlth    ..........             p - amulet of the gourmand
HPRegen  0.21/turn              (no ring)
MPRegen  0.10/turn              (no ring)

@: berserking, very quick
A: negative energy resistance 1, electricity resistance, unbreathing,
petrification resistance, rot immunity, AC +4
a: Berserk, Trog's Hand, Renounce Religion


You were on level 4 of the Dungeon.
You worshipped Trog.
Trog was most pleased with you.
You were not hungry.

You visited 1 branch of the dungeon, and saw 4 of its levels.

You collected 149 gold pieces.

Inventory:

Hand Weapons
 b - a +0 war axe (weapon)
Armour
 j - a +0 scale mail (worn)
Jewellery
 p - an amulet of the gourmand (around neck)
Wands
 t - a wand of digging (2)
Scrolls
 a - 2 scrolls of enchant weapon {unknown}
 d - a scroll of blinking {unknown}
 e - 3 scrolls of identify {unknown}
 f - 4 scrolls of fear {unknown}
 h - 2 scrolls of teleportation {unknown}
 i - a scroll of remove curse {unknown}
 k - a scroll of enchant armour {unknown}
 n - a scroll of magic mapping {unknown}
 o - 2 scrolls of immolation {unknown}
 s - a scroll of amnesia {unknown}
Potions
 g - 2 potions of ambrosia {unknown}
 l - a potion of heal wounds {unknown}
 m - a potion of invisibility {unknown}
 q - a potion of curing {unknown}
 r - a potion of degeneration {unknown}
Comestibles
 c - 11 rations


   Skills:
 + Level 5.4 Fighting
 + Level 4.5 Axes
 + Level 4.8 Armour
 + Level 3.6 Dodging


You had 6 spell levels left.
You didn't know any spells.
Your spell library was empty.

Dungeon Overview and Level Annotations

Branches:
Dungeon (4/15)
 Temple: D:4-7

Altars:
Ru
Sif Muna
Trog
Wu Jian
Yredelemnul

Annotations:
D:4 Natasha


Innate Abilities, Weirdness & Mutations

You are resistant to torment.
Your stone body is resilient. (AC +4)
You are immune to poison.
You resist negative energy. (rN+)
You are resistant to electric shocks. (rElec)
You can survive without breathing.
You are immune to petrification.
You are immune to rotting.


Message History

You miss something.
Your scale mail prevents you from hitting Natasha.
You barely miss the gnoll.
Natasha mumbles some strange words.
Natasha glows brightly for a moment.
Natasha claws you but does no damage.
You miss something. You closely miss the gnoll. You closely miss Natasha.
You hear some strange, mumbled words.
The gnoll closely misses you. Natasha claws you.
* * * LOW HITPOINT WARNING * * *
You miss something. You closely miss the orc. You closely miss Natasha.
You closely miss the gnoll. The gnoll hits you but does no damage.
Natasha mumbles some strange words.
Something hits you but does no damage.
You miss something. You barely miss the gnoll. You closely miss Natasha.
You closely miss the orc. The orc misses you. The gnoll closely misses you.
You hear some strange, mumbled words.
A magic dart appears from out of thin air!
The magic dart hits you.
You die...

#........... .......
........<... .......
............ .......##
#.####...÷... ....."..#
#.# #.)).... .....5..#
##.####.......
........###............#
......gho............###
...?..{@.............#
......)..............#
......).#.#..........#
........#............#
....?..##.P.P.##.....#
......# #.._..##.....#
.....# #..P.P.########
.)..# #.......# ....
#....#...


You could see Natasha, a gnoll, a shadow imp and an orc.

Vanquished Creatures
  Eustachio (D:4)
  Edmund (D:4)
  An ice beast (D:3)
  2 orc priests (D:4)
  A worker ant (D:4)
  Jessica (D:2)
  Natasha (D:4)
  Terence (D:2)
  3 gnolls (D:4)
  6 adders
  4 worms
  A dart slug (D:1)
  3 leopard geckos
  2 orcs (D:3)
  5 giant cockroaches
  7 goblins
  13 hobgoblins
  3 jackals (D:1)
  A ball python (D:3)
  11 bats
  4 frilled lizards
  8 kobolds
  6 rats
86 creatures vanquished.

Notes
Turn   | Place    | Note
-------+----------+-------------------------------------------
     0 | D:1      | Fang the Gargoyle Berserker began the quest for the Orb.
     0 | D:1      | Reached XP level 1. HP: 14/14 MP: 1/1
    72 | D:1      | Reached XP level 2. HP: 13/19 MP: 2/2
   342 | D:1      | Reached XP level 3. HP: 20/23 MP: 3/3
   353 | D:1      | Reached ** piety under Trog
   686 | D:2      | Noticed Jessica
   691 | D:2      | Killed Jessica
   691 | D:2      | Reached XP level 4. HP: 29/29 MP: 4/4
   729 | D:2      | Found an ornate altar of the Wu Jian Council.
   840 | D:2      | Found a deep blue altar of Sif Muna.
   919 | D:2      | Noticed Terence
   933 | D:2      | Killed Terence
   933 | D:2      | Reached skill level 4 in Fighting
  1483 | D:2      | Reached XP level 5. HP: 33/33 MP: 5/5
  1781 | D:3      | Noticed an ice beast
  1794 | D:3      | Killed an ice beast
  1794 | D:3      | Reached XP level 6. HP: 39/39 MP: 6/6
  1964 | D:3      | Reached *** piety under Trog
  2004 | D:3      | Found a bloodstained altar of Trog.
  2235 | D:3      | Found a sacrificial altar of Ru.
  2353 | D:4      | Noticed Edmund
  2353 | D:4      | Noticed Natasha
  2353 | D:4      | Noticed Eustachio
  2360 | D:4      | Killed Eustachio
  2363 | D:4      | Killed Natasha
  2363 | D:4      | Reached skill level 5 in Fighting
  2364 | D:4      | Killed Edmund
  2364 | D:4      | Reached XP level 7. HP: 44/44 MP: 7/7
  2396 | D:4      | Noticed Natasha
  2450 | D:4      | Found a basalt altar of Yredelemnul.
  2482 | D:4      | Killed from afar by an orc wizard

Skill      XL: |  1  2  3  4  5  6 |
---------------+-------------------+-----
Dodging        | 2 3 |  3.6
Axes           | 3 4 |  4.5
Armour         | 3 4 |  4.8
Fighting       | 4 5 |  5.4

Action                   |  1- 3 |  4- 6 |  7- 9 || total
-------------------------+-------+-------+-------++-------
Melee: Hand axe          |   102 |   108 |       ||   210
       War axe           |       |    43 |    18 ||    61
Invok: Berserk           |       |     2 |     1 ||     3
 Stab: Sleeping          |     1 |       |       ||     1
  Eat: Chunk             |       |    18 |     2 ||    20
Armor: Animal skin       |    51 |     3 |       ||    54
       Scale mail        |       |    86 |    23 ||   109
Dodge: Dodged            |    93 |   102 |    23 ||   218
